HSSL
BROOKLINE HS WARRIORS @ BILLINGS WEST HS GOLDEN BEARS
04/10/2025
 
TOP OF THE 1ST
Brookline HS Warriors batting - Pitching for Billings West HS Golden Bears : RHP Preston Carter
Pitching: RHP Preston Carter
Batting: RHB Francisco Durango 0-0: Ball
1-0: Ball
2-0: Ground out 1-3 (Groundball, 15)
Batting: LHB Desmond Huth 0-0: Ball
1-0: Called Strike
1-1: Ball
2-1: Called Strike
2-2: Fly out, F8 (Flyball, 8RM)
Batting: RHB Marcos Liñares 0-0: Ball
1-0: SINGLE (Groundball, 34D)
Batting: RHB Tom McBride 0-0: Ball
1-0: Fly out, F7 (Flyball, 7M)
Top of the 1st over - 0 run(s), 1 hit(s), 0 error(s), 1 left on base; Brookline HS 0 - Billings West HS 0
BOTTOM OF THE 1ST
Billings West HS Golden Bears batting - Pitching for Brookline HS Warriors : RHP Tom Reed
Pitching: RHP Tom Reed
Batting: RHB Dennis Garner 0-0: Called Strike
0-1: SINGLE (Groundball, 56D)
Batting: SHB Juan Soriano 0-0: Foul Ball, location: 2F
0-1: Fly out, F6 (Line Drive, 6M)
Batting: RHB Spike Kennedy 0-0: Ball
1-0: Called Strike
1-1: Ball
2-1: Foul Ball, location: 2F
2-2: Grounds into double play, 1-6-3 (Groundball, 13)
Bottom of the 1st over - 0 run(s), 1 hit(s), 0 error(s), 0 left on base; Brookline HS 0 - Billings West HS 0
TOP OF THE 2ND
Brookline HS Warriors batting - Pitching for Billings West HS Golden Bears : RHP Preston Carter
Batting: SHB Luis Rodríguez 0-0: Ball
1-0: Swinging Strike
1-1: Ball
2-1: Ground out 1-3 (Groundball, 15S)
Batting: LHB Phil Bishop 0-0: Called Strike
0-1: Ball
1-1: Called Strike
1-2: Ball
2-2: Fly out, F2 (Popup, 2LF)
Batting: RHB Ben Bond 0-0: Ball
1-0: Foul Ball, location: 2F
1-1: Ground out 5-3 (Groundball, 5S)
Top of the 2nd over - 0 run(s), 0 hit(s), 0 error(s), 0 left on base; Brookline HS 0 - Billings West HS 0
BOTTOM OF THE 2ND
Billings West HS Golden Bears batting - Pitching for Brookline HS Warriors : RHP Tom Reed
Batting: LHB Duane Lemay 0-0: Swinging Strike
0-1: Ball
1-1: Swinging Strike
1-2: Strikes out swinging
Batting: RHB Chris Hall 0-0: Called Strike
0-1: Ball
1-1: Foul Ball, location: 2F
1-2: Ball
2-2: SINGLE (Line Drive, 3D)
Batting: RHB Bill Reed 0-0: Ball
Chris Hall is caught stealing 2nd base
1-0: Ball
2-0: Called Strike
2-1: Called Strike
2-2: Strikes out swinging
Bottom of the 2nd over - 0 run(s), 1 hit(s), 0 error(s), 0 left on base; Brookline HS 0 - Billings West HS 0
TOP OF THE 3RD
Brookline HS Warriors batting - Pitching for Billings West HS Golden Bears : RHP Preston Carter
Batting: RHB Owen Jenkins 0-0: Ball
1-0: Ball
2-0: Ball
3-0: Fly out, F6 (Popup, 6)
Batting: RHB Bob Bishop 0-0: Fly out, F8 (Flyball, 8LM)
Batting: RHB Francisco Durango 0-0: Called Strike
0-1: Ball
1-1: Swinging Strike
1-2: Ball
2-2: Ball
3-2: SINGLE (Groundball, 56D)
Batting: LHB Desmond Huth 0-0: Ball
Francisco Durango steals 2nd base
1-0: DOUBLE (Line Drive, 78S)
Francisco Durango scores
Batting: RHB Marcos Liñares 0-0: Fly out, F3 (Popup, 3SF)
Top of the 3rd over - 1 run(s), 2 hit(s), 0 error(s), 1 left on base; Brookline HS 1 - Billings West HS 0
BOTTOM OF THE 3RD
Billings West HS Golden Bears batting - Pitching for Brookline HS Warriors : RHP Tom Reed
Batting: RHB Rob Johnston 0-0: Ball
1-0: Ball
2-0: Called Strike
2-1: Ground out 6-3 (Groundball, 6)
Batting: RHB Bryce Murray 0-0: Ball
1-0: Ball
2-0: SOLO HOME RUN (Flyball, 78XD), Distance : 405 ft
Batting: RHB Jason Nava 0-0: Called Strike
0-1: Foul Ball, location: 2F
0-2: Foul Ball, location: 2F
0-2: Ball
1-2: Ball
2-2: Ball
3-2: Reached on error, E5 (Groundball, 56)
Batting: RHB Dennis Garner 0-0: Ball
1-0: Ball
2-0: Ball
3-0: Base on Balls
Jason Nava to second
Batting: SHB Juan Soriano 0-0: Ball
1-0: Foul Ball, location: 2F
1-1: Ball
2-1: DOUBLE (Flyball, 78XD)
Jason Nava scores
Dennis Garner to third
Runner from 3rd tries for Home, SAFE, no throw or cutoff
Batting: RHB Spike Kennedy 0-0: Called Strike
0-1: Ball
1-1: Swinging Strike
1-2: Foul Ball, location: 2F
1-2: Foul Ball, location: 2F
1-2: Strikes out swinging
Batting: LHB Duane Lemay 0-0: Ball
1-0: Ball
2-0: Swinging Strike
2-1: SINGLE (Flyball, 8RM)
Juan Soriano to third
Runner from 3rd tries for Home, SAFE, no throw or cutoff
Batting: RHB Chris Hall 0-0: Called Strike
0-1: Foul Ball, location: 2F
0-2: Foul Ball, location: 2F
0-2: Ball
1-2: Fly out, F3 (Popup, 3SF)
Bottom of the 3rd over - 4 run(s), 3 hit(s), 1 error(s), 1 left on base; Brookline HS 1 - Billings West HS 4
TOP OF THE 4TH
Brookline HS Warriors batting - Pitching for Billings West HS Golden Bears : RHP Preston Carter
Batting: RHB Tom McBride 0-0: Ball
1-0: Fly out, F3 (Popup, 3S)
Batting: SHB Luis Rodríguez 0-0: Ball
1-0: Called Strike
1-1: Swinging Strike
1-2: Ball
2-2: Strikes out looking
Batting: LHB Phil Bishop 0-0: Fly out, F9 (Flyball, 89M)
Top of the 4th over - 0 run(s), 0 hit(s), 0 error(s), 0 left on base; Brookline HS 1 - Billings West HS 4
BOTTOM OF THE 4TH
Billings West HS Golden Bears batting - Pitching for Brookline HS Warriors : RHP Tom Reed
Batting: RHB Bill Reed 0-0: Ball
1-0: Ball
2-0: Ball
3-0: Called Strike
3-1: Foul Ball, location: 2F
3-2: SINGLE (Groundball, 56D)
Batting: RHB Rob Johnston 0-0: Fielders Choice at 2nd, 5-4 (Groundball, 5L)
Batting: RHB Bryce Murray 0-0: Ball
1-0: SINGLE (Groundball, 6)
Rob Johnston to second
Batting: RHB Jason Nava 0-0: Ball
1-0: Fielders Choice at 2nd, 1-4 (Groundball, 23)
Rob Johnston to third
Batting: RHB Dennis Garner 0-0: Ball
1-0: Ball
2-0: Called Strike
2-1: Foul Ball, location: 2F
2-2: Ball
3-2: Ground out 1-3 (Groundball, 13S)
Bottom of the 4th over - 0 run(s), 2 hit(s), 0 error(s), 2 left on base; Brookline HS 1 - Billings West HS 4
TOP OF THE 5TH
Brookline HS Warriors batting - Pitching for Billings West HS Golden Bears : RHP Preston Carter
Batting: RHB Ben Bond 0-0: Ball
1-0: Foul Ball, location: 2F
1-1: Called Strike
1-2: Ball
2-2: Foul Ball, location: 2F
2-2: Foul Ball, location: 2F
2-2: Ball
3-2: Base on Balls
Batting: RHB Owen Jenkins 0-0: Ball
1-0: Swinging Strike
1-1: Swinging Strike
1-2: Ball
2-2: Foul Ball, location: 2F
2-2: Fly out, F8 (Flyball, 8RM)
Batting: RHB Bob Bishop 0-0: Called Strike
0-1: Swinging Strike
0-2: Ground out 4-3 (Groundball, 13)
Ben Bond to second
Batting: RHB Francisco Durango 0-0: Called Strike
0-1: Fly out, F8 (Flyball, 8LM)
Top of the 5th over - 0 run(s), 0 hit(s), 0 error(s), 1 left on base; Brookline HS 1 - Billings West HS 4
BOTTOM OF THE 5TH
Billings West HS Golden Bears batting - Pitching for Brookline HS Warriors : RHP Tom Reed
Batting: SHB Juan Soriano 0-0: Ground out 4-3 (Groundball, 4)
Batting: RHB Spike Kennedy 0-0: Called Strike
0-1: Called Strike
0-2: Foul Ball, location: 2F
0-2: Foul Ball, location: 2F
0-2: Ball
1-2: Ball
2-2: Ground out 6-3 (Groundball, 6S)
Batting: LHB Duane Lemay 0-0: Called Strike
0-1: Foul Ball, location: 2F
0-2: Ball
1-2: Ball
2-2: Strikes out swinging
Bottom of the 5th over - 0 run(s), 0 hit(s), 0 error(s), 0 left on base; Brookline HS 1 - Billings West HS 4
TOP OF THE 6TH
Brookline HS Warriors batting - Pitching for Billings West HS Golden Bears : RHP Preston Carter
Batting: LHB Desmond Huth 0-0: Ball
1-0: SOLO HOME RUN (Flyball, 9D), Distance : 389 ft
Batting: RHB Marcos Liñares 0-0: Foul Ball, location: 2F
0-1: Ball
1-1: Foul Ball, location: 2F
1-2: Foul Ball, location: 2F
1-2: Ball
2-2: Ball
3-2: Foul Ball, location: 2F
3-2: Reached on error, E6 (Groundball, 6)
Batting: RHB Tom McBride 0-0: Called Strike
0-1: Ball
1-1: Called Strike
1-2: Ball
2-2: Ball
3-2: Base on Balls
Pitching: RHP John Jones
Batting: SHB Luis Rodríguez 0-0: Swinging Strike
0-1: Ball
1-1: Called Strike
1-2: SINGLE (Flyball, 89M)
Marcos Liñares to third
Tom McBride to second
Runner from 3rd tries for Home, SAFE, no throw or cutoff
Batting: LHB Phil Bishop 0-0: Ball
1-0: Ball
2-0: Called Strike
2-1: Ball
3-1: Ground out 6-3 (Groundball, 6S)
Tom McBride to third
Luis Rodríguez to second
Batting: RHB Ben Bond 0-0: SINGLE (Groundball, 23) (infield hit)
Batting: RHB Owen Jenkins 0-0: Called Strike
0-1: Ball
1-1: SINGLE (Groundball, 34D)
Tom McBride scores
Luis Rodríguez to third
Ben Bond to second
Runner from 3rd tries for Home, SAFE, throw made home
Batting: RHB Bob Bishop 0-0: Ball
1-0: Swinging Strike
1-1: Ball
2-1: Foul Ball, location: 2F
2-2: Ball
3-2: Fly out, F8 (Flyball, 8RM)
Batting: RHB Francisco Durango 0-0: Ball
1-0: Ball
2-0: Foul Ball, location: 2F
2-1: SINGLE (Flyball, 89M)
Ben Bond to third
Owen Jenkins to second
Runner from 3rd tries for Home, throw and OUT!
Top of the 6th over - 4 run(s), 5 hit(s), 1 error(s), 2 left on base; Brookline HS 5 - Billings West HS 4
BOTTOM OF THE 6TH
Billings West HS Golden Bears batting - Pitching for Brookline HS Warriors : RHP Tom Reed
Pitching: LHP Juan Varela
Batting: RHB Chris Hall 0-0: Called Strike
0-1: Ball
1-1: Swinging Strike
1-2: Ball
2-2: Strikes out swinging
Batting: RHB Bill Reed 0-0: Called Strike
0-1: Ball
1-1: Ball
2-1: Foul Ball, location: 2F
2-2: Reached on error, E5 (Groundball, 56)
Batting: RHB Rob Johnston 0-0: Ball
1-0: Foul Ball, location: 2F
1-1: Foul Ball, location: 2F
1-2: Strikes out swinging
Batting: RHB Bryce Murray 0-0: Ball
1-0: Called Strike
1-1: Fly out, F9 (Flyball, 9M)
Bottom of the 6th over - 0 run(s), 0 hit(s), 1 error(s), 1 left on base; Brookline HS 5 - Billings West HS 4
TOP OF THE 7TH
Brookline HS Warriors batting - Pitching for Billings West HS Golden Bears : RHP John Jones
Batting: LHB Desmond Huth 0-0: Ball
1-0: Swinging Strike
1-1: Ball
2-1: Ball
3-1: Base on Balls
Batting: RHB Marcos Liñares 0-0: Ball
1-0: Ball
2-0: Ground out 5-3 (Groundball, 56S)
Desmond Huth to second
Batting: RHB Tom McBride 0-0: Intentional Walk
Batting: SHB Luis Rodríguez 0-0: Called Strike
Desmond Huth steals 3rd base
Tom McBride to second
0-1: SINGLE (Groundball, 4M)
Desmond Huth scores
Tom McBride to third
Runner from 3rd tries for Home, SAFE, throw made home
Luis Rodríguez to second
Batting: LHB Phil Bishop 0-0: Swinging Strike
0-1: Ball
1-1: 2-RUN HOME RUN (Flyball, 9LD), Distance : 363 ft
Pitching: RHP Danny Ramos
Batting: RHB Ben Bond 0-0: Fly out, F6 (Popup, 5D)
Batting: RHB Owen Jenkins 0-0: Called Strike
0-1: Called Strike
0-2: Ball
1-2: Foul Ball, location: 2F
1-2: Strikes out looking
Top of the 7th over - 4 run(s), 2 hit(s), 0 error(s), 0 left on base; Brookline HS 9 - Billings West HS 4
BOTTOM OF THE 7TH
Billings West HS Golden Bears batting - Pitching for Brookline HS Warriors : LHP Juan Varela
Now at 1B: Patrick Chávez
Batting: RHB Jason Nava 0-0: Ball
1-0: Called Strike
1-1: Ball
2-1: Ball
3-1: Foul Ball, location: 2F
3-2: Base on Balls
Batting: RHB Dennis Garner 0-0: Foul Ball, location: 2F
0-1: Ball
1-1: Swinging Strike
1-2: Foul Ball, location: 2F
1-2: Reached on error, E6 (Groundball, 6)
Jason Nava to second
Batting: SHB Juan Soriano 0-0: Fielders Choice at 2nd, 1-6 (Groundball, 13)
Jason Nava to third
Batting: RHB Spike Kennedy 0-0: Called Strike
0-1: Called Strike
0-2: Strikes out looking
Batting: LHB Duane Lemay 0-0: Swinging Strike
0-1: Ball
1-1: Ball
2-1: Ball
3-1: Foul Ball, location: 2F
3-2: Foul Ball, location: 2F
3-2: Strikes out swinging
Bottom of the 7th over - 0 run(s), 0 hit(s), 1 error(s), 2 left on base; Brookline HS 9 - Billings West HS 4
TOP OF THE 8TH
Brookline HS Warriors batting - Pitching for Billings West HS Golden Bears : RHP Danny Ramos
Batting: RHB Bob Bishop 0-0: SINGLE (Line Drive, 9S)
Batting: RHB Francisco Durango 0-0: Called Strike
0-1: SINGLE (Groundball, 56D) (infield hit)
Bob Bishop to second
Batting: LHB Desmond Huth 0-0: Bunt - Flyout! F2
Batting: RHB Marcos Liñares 0-0: Foul Ball, location: 2F
0-1: Foul Ball, location: 2F
0-2: Fly out, F9 (Flyball, 9LDF)
Runner from 2nd tags up, SAFE at 3rd, no throw
Batting: RHB Tom McBride 0-0: Ball
1-0: Ball
2-0: Foul Ball, location: 2F
2-1: Ball
3-1: Base on Balls
Francisco Durango to second
Batting: SHB Luis Rodríguez 0-0: Ball
1-0: Ball
2-0: Ball
3-0: Called Strike
3-1: Base on Balls
Bob Bishop scores
Francisco Durango to third
Tom McBride to second
Batting: RHB Patrick Chávez 0-0: Ball
1-0: Ball
2-0: Ball
3-0: Called Strike
3-1: Called Strike
3-2: Base on Balls
Francisco Durango scores
Tom McBride to third
Luis Rodríguez to second
Batting: RHB Ben Bond 0-0: Called Strike
0-1: Foul Ball, location: 2F
0-2: Ball
1-2: Fly out, F9 (Flyball, 89M)
Top of the 8th over - 2 run(s), 2 hit(s), 0 error(s), 3 left on base; Brookline HS 11 - Billings West HS 4
BOTTOM OF THE 8TH
Billings West HS Golden Bears batting - Pitching for Brookline HS Warriors : LHP Juan Varela
Pitching: LHP Roger James
Batting: RHB Chris Hall 0-0: Ball
1-0: Foul Ball, location: 2F
1-1: Called Strike
1-2: Strikes out looking
Batting: RHB Bill Reed 0-0: Called Strike
0-1: Ball
1-1: Foul Ball, location: 2F
1-2: Ball
2-2: Foul Ball, location: 2F
2-2: Ball
3-2: Base on Balls
Batting: RHB Rob Johnston 0-0: Ball
1-0: Ball
2-0: Foul Ball, location: 2F
2-1: Foul Ball, location: 2F
2-2: Ball
3-2: Strikes out swinging
Batting: RHB Bryce Murray 0-0: Ball
1-0: SINGLE (Groundball, 6D)
Bill Reed to second
Batting: RHB Jason Nava 0-0: Ball
1-0: Called Strike
1-1: Foul Ball, location: 2F
1-2: 3-RUN HOME RUN (Flyball, 7D), Distance : 386 ft
Pitching: RHP Wally O'Dowling
Batting: RHB Dennis Garner 0-0: Called Strike
0-1: Ball
1-1: Foul Ball, location: 2F
1-2: Ball
2-2: Foul Ball, location: 2F
2-2: Foul Ball, location: 2F
2-2: Foul Ball, location: 2F
2-2: Reached on error, E5 (Groundball, 5S)
Batting: SHB Juan Soriano 0-0: Ball
1-0: Ball
2-0: Foul Ball, location: 2F
2-1: Reached on error, E4 (Groundball, 4)
Dennis Garner to third
Pitching: RHP Edward Underwood
Batting: RHB Spike Kennedy 0-0: Called Strike
0-1: Called Strike
0-2: Strikes out looking
Bottom of the 8th over - 3 run(s), 2 hit(s), 2 error(s), 2 left on base; Brookline HS 11 - Billings West HS 7
TOP OF THE 9TH
Brookline HS Warriors batting - Pitching for Billings West HS Golden Bears : RHP Danny Ramos
Pitching: RHP Bob Roy
Batting: RHB Owen Jenkins 0-0: Ball
1-0: Called Strike
1-1: Ball
2-1: Ball
3-1: Foul Ball, location: 2F
3-2: Foul Ball, location: 2F
3-2: Ground out 6-3 (Groundball, 6M)
Batting: RHB Bob Bishop 0-0: Foul Ball, location: 2F
0-1: Foul Ball, location: 2F
0-2: Strikes out swinging
Batting: RHB Francisco Durango 0-0: Ball
1-0: Called Strike
1-1: Foul Ball, location: 2F
1-2: Strikes out swinging
Top of the 9th over - 0 run(s), 0 hit(s), 0 error(s), 0 left on base; Brookline HS 11 - Billings West HS 7
BOTTOM OF THE 9TH
Billings West HS Golden Bears batting - Pitching for Brookline HS Warriors : RHP Edward Underwood
Batting: LHB Duane Lemay 0-0: Called Strike
0-1: Hit by Pitch
Batting: RHB Chris Hall 0-0: Grounds into double play, 6-4-3 (Groundball, 6)
Batting: RHB Bill Reed 0-0: Swinging Strike
0-1: Called Strike
0-2: SINGLE (Flyball, 89S)
Batting: RHB Rob Johnston 0-0: Ball
1-0: Ball
2-0: SINGLE (Groundball, 6MD)
Bill Reed to second
Runner from 2nd tries for 3rd, OUT!
Bottom of the 9th over - 0 run(s), 2 hit(s), 0 error(s), 1 left on base; Brookline HS 11 - Billings West HS 7
This league is powered by Out of the Park Baseball, the baseball management simulation game for PC, Mac and Linux
Tuesday, August 2nd, 2016 - OOTP Baseball 16.8 Build 38